 Dungeon Crawl Stone Soup version 0.19-a0-1182-g094b998 (webtiles) character file.

113820 DerBasler the Peltast (level 17, -2/125 HPs)
             Began as a Formicid Gladiator on Aug 17, 2016.
             Was the Champion of Ru.
             Killed by the raging water
             ... invoked by a water nymph
              (40 damage)
             ... on level 2 of the Shoals.
             The game lasted 00:54:49 (30212 turns).

DerBasler the Peltast (Formicid Gladiator)         Turns: 30212, Time: 00:54:49

Health: -2/125     AC: 28    Str: 22    XL:     17   Next: 19%
Magic:  17/17      EV: 13    Int: 12    God:    Ru [******]
Gold:   362        SH: 16    Dex: 15    Spells: 0 memorised, 16 levels left

rFire  + + .     SeeInvis +     B - +6 quarterstaff (freeze)
rCold  + . .     Gourm    .     K - +5 plate armour
rNeg   + . .     Faith    .     U - +2 shield of Resistance {rF+ rC+ MR+}
rPois  .         Spirit   .     (helmet unavailable)
rElec  +         Dismiss  .     z - +0 cloak of the Hot Ocelot {rF+ rN+ Str+2}
rCorr  +         Reflect  .     M - +0 pair of gloves
MR     ++++.     Harm     .     k - +2 pair of boots {Stlth+}
Stlth  ..........               (no amulet)
                                F - ring of Ystreawov {MR+ Int+3 Slay+2}
                                b - ring "Yle Zerr" {rCorr rElec Slay+3}

@: no status effects
A: permanent stasis, dig shafts and tunnels, four strong arms, antennae 3, dopey
1, magic resistance 1, no device heal 1, no stealth, inability to use devices,
hated by all, no necromancy magic, no poison magic, no translocations magic
a: Dig, Shaft Self, Draw Out Power, Power Leap, Apocalypse, Renounce Religion


You were on level 2 of the Shoals.
You worshipped Ru.
Ru was exalted by your worship.
You were very hungry.

You visited 4 branches of the dungeon, and saw 25 of its levels.
You also visited: Labyrinth, Ossuary and Ice Cave.

You collected 3120 gold pieces.
You spent 2758 gold pieces at shops.

Inventory:

Hand Weapons
 B - a +6 quarterstaff of freezing (weapon)
 L - a +1 lajatang of flaming
Missiles
 c - 9 throwing nets (quivered)
Armour
 k - a +2 pair of boots of stealth (worn)
 z - the +0 cloak of the Hot Ocelot (worn) {rF+ rN+ Str+2}
   (You found it on level 12 of the Dungeon)

   It affects your strength (+2).
   It protects you from fire.
   It protects you from negative energy.
 K - a +5 plate armour (worn)
 M - a +0 pair of gloves (worn)
 U - the +2 shield of Resistance (worn) {rF+ rC+ MR+}
   (You bought it in a shop on level 1 of the Shoals)

   It protects you from fire.
   It protects you from cold.
   It affects your resistance to hostile enchantments.
Jewellery
 b - the ring "Yle Zerr" (left hand) {rCorr rElec Slay+3}
   (You found it in a labyrinth)

   [ring of resist corrosion]

   It affects your accuracy and damage with ranged weapons and melee attacks
   (+3).
   It insulates you from electricity.
 j - an uncursed ring of positive energy
 F - the ring of Ystreawov (right hand) {MR+ Int+3 Slay+2}
   (You bought it in a shop on level 6 of the Dungeon)

   [ring of intelligence]

   It affects your intelligence (+3).
   It affects your accuracy and damage with ranged weapons and melee attacks
   (+2).
   It affects your resistance to hostile enchantments.
 I - an uncursed ring of protection from fire
Scrolls
 g - 14 scrolls of remove curse
 x - 3 scrolls of amnesia
 y - 2 scrolls of magic mapping
 A - 2 scrolls of fog
 C - 4 scrolls of fear
 G - a scroll of holy word
 J - 2 scrolls of identify
 P - a scroll of silence
Potions
 a - 3 potions of ambrosia
 f - 3 potions of cancellation
 l - 12 potions of curing
 m - 5 potions of mutation
 p - 5 potions of flight
 q - 4 potions of resistance
 s - 9 potions of agility
 t - 5 potions of brilliance
 v - 5 potions of magic
 w - 2 potions of lignification
 D - 4 potions of heal wounds
 E - 8 potions of might
Comestibles
 d - 8 bread rations
 h - 17 fruits
 i - 20 meat rations
 o - a royal jelly
 r - a slice of pizza
 H - 11 beef jerkies


   Skills:
 - Level 9.0 Fighting
 + Level 16.0 Staves
 - Level 3.0 Throwing
 - Level 15.0 Armour
 - Level 11.4 Dodging
 - Level 16.0 Shields


You had 16 spell levels left.
You didn't know any spells.

Dungeon Overview and Level Annotations

Branches:
Dungeon (15/15)            Temple (0/1) D:6            Lair (6/6) D:9
 Shoals (2/4) Lair:4        Snake (0/4) Lair:2        Slime (0/5) Lair:5
    Orc (2/2) D:10            Elf (0/3) Orc:2        Vaults (0/5) D:13
 Depths (0/5) D:15

Altars:
Dithmenos
Fedhas
Gozag
Hepliaklqana
Ru
Trog
Xom
Zin
Beogh

Shops:
D:6 =   D:8 !   D:12 }   Orc:2 *[(*}   Shoals:1 [   Shoals:2 ?

Portals:
Trove: D:13 (give 2 scrolls of acquirement)


Innate Abilities, Weirdness & Mutations

You are under a permanent stasis effect.
You can dig through walls and to a lower floor.
Your four strong arms can wield two-handed weapons with a shield.
You have a pair of large antennae on your head. (SInv)
You are dopey. (Int -2)
Potions and wands are less effective at restoring your health.
You cannot be stealthy.
You cannot study or use magical devices.
You are hated by all.
You cannot study or cast Necromancy magic.
You cannot study or cast Poison magic.
You cannot study or cast Translocations magic.
You are resistant to hostile enchantments. (MR+)


Message History

You bludgeon the merfolk!! You freeze the merfolk.
You kill the merfolk!
You hear a splash. x2
Your unstable footing causes you to fumble your attack.
The water nymph gestures at you while chanting.
The water swirls and strikes you!
Your unstable footing causes you to fumble your attack.
The water nymph is stunned by your will and fails to attack.
Your unstable footing causes you to fumble your attack.
Your unstable footing causes you to fumble your attack.
You block the water nymph's attack.
You sock the water nymph! You freeze the water nymph.
The water nymph is heavily wounded.
Your unstable footing causes you to fumble your attack.
The water nymph touches you. The water nymph drowns you!
You sock the water nymph! You freeze the water nymph.
The water nymph is severely wounded.
The water nymph gestures at you while chanting.
The water swirls and strikes you!
You die...

..≈≈≈≈≈≈≈≈≈≈≈≈
...≈≈≈≈≈≈≈≈≈≈≈≈≈≈≈≈≈≈≈≈≈
##.≈≈≈≈≈≈≈≈≈≈≈≈≈≈≈.≈≈≈≈≈
##..≈≈≈≈.(.≈≈≈≈≈≈.≈≈≈≈≈≈
#..≈≈≈≈...≈≈≈≈≈≈≈≈≈≈≈≈≈
#..≈≈≈≈......≈≈≈≈≈.≈≈≈≈
#..≈≈..###....≈≈≈≈.≈≈≈≈
#..)...# ##(.≈≈)m≈≈....
#..≈...###((($.@≈≈...PP
##.......(.(..(†)......
##.............)≈≈...##
......≈.?........≈≈..##
.....≈≈..........≈≈..#
≈....≈.....≈≈...≈≈≈....
..≈≈.###...≈≈≈≈≈≈≈≈.≈...
..... #...≈≈≈≈.≈≈≈≈≈...
... .....≈...≈≈≈P≈..≈


You could see a water nymph.

Vanquished Creatures
  Rupert (D:13)
  An orc warlord (Orc:1)
  The ghost of salty the Severer, a journeyman MiBe of Trog (D:15)
  Azrael (D:14)
  Josephine (D:11)
  A minotaur (Lab)
  A merfolk javelineer (Shoals:2)
  The ghost of redmage the Carver, a journeyman MiFi of Makhleb (Orc:1)
  9 hydras
  Erolcha (D:9)
  Erica (Lair:1)
  A merfolk avatar (Shoals:2)
  5 centaur warriors
  A merfolk aquamancer (Shoals:2)
  7 death yaks
  A catoblepas (Lair:6)
  A satyr (Shoals:1)
  A deep troll shaman (Lair:6)
  An orc high priest (Orc:2)
  A vampire mage (D:15)
  2 skeletal warriors (D:15)
  An unseen horror (D:14)
  4 sea snakes
  A sphinx zombie (D:15)
  5 hill giants
  7 harpies
  2 lindwurms (Lair:6)
  2 necromancers
  6 orc knights (Orc:2)
  3 deep elf magi
  14 ugly things
  A wolf spider zombie (D:14)
  6 orc sorcerers
  2 griffons (Lair:6)
  2 manticores (Shoals:1)
  4 fauns (Shoals:1)
  5 cyclopes
  3 sirens
  14 elephants
  A centaur zombie (D:11)
  4 spiny frogs
  A spiny frog (shapeshifter) (D:13)
  3 gargoyles
  3 black mambas
  The ghost of Kazmius the Skirmisher, a novice DsCK of Xom (D:8)
  3 water nymphs (Shoals:2)
  A torpor snail (Lair:5)
  A torpor snail (shapeshifter) (D:13)
  2 rime drakes (Lair:4)
  3 komodo dragons
  The ghost of SkyDiva the Covered, a novice HEFi of Okawaru (D:4)
  3 centaur skeletons
  An efreet (D:9)
  9 trolls
  2 harpy zombies (Shoals:1)
  17 merfolk
  A polar bear (Lair:6)
  A wind drake (Shoals:2)
  A spriggan zombie (D:15)
  3 two-headed ogres
  Prince Ribbit (D:7)
  7 slime creatures
  A griffon zombie (Shoals:1)
  12 blink frogs
  A snapping turtle (Shoals:2)
  3 meliai zombies
  A centaur simulacrum (D:15)
  A deep troll zombie (D:15)
  7 wraiths
  A shadow (D:12)
  A deep troll skeleton (D:15)
  48 yaks
  10 water elementals
  A wyvern (Lair:4)
  3 basilisks
  2 fire elementals
  9 hippogriffs
  3 hungry ghosts (D:12)
  A steam dragon (Lair:4)
  6 wargs
  2 vampire mosquitoes (D:15)
  4 mottled dragons
  2 soldier ants
  Edmund (D:6)
  4 nagas (Lair:2)
  9 water moccasins
  4 hell hounds
  9 porcupines
  3 sky beasts
  2 wasps (D:12)
  2 eyes of draining
  5 ice beasts
  38 orc warriors
  A black bear (Lair:6)
  2 necrophages
  4 phantoms
  10 wolves
  21 ogres
  15 centaurs
  8 crocodiles
  4 big kobolds
  13 giant frogs
  15 killer bees
  7 howler monkeys
  6 electric eels
  7 crimson imps
  A giant frog zombie (D:12)
  A quasit (D:9)
  10 jellies
  6 hounds
  Crazy Yiuf (D:7)
  5 gnoll shamans
  14 orc priests
  18 orc wizards
  4 giant frog skeletons
  12 iguanas
  13 worker ants
  4 sheep (Shoals:1)
  A howler monkey zombie (D:4)
  9 mummies
  22 gnolls
  5 adders
  5 shadow imps
  12 white imps (D:15)
  4 oozes (Lair:5)
  An adder skeleton (D:7)
  2 worms
  2 dart slugs
  5 giant geckos
  87 orcs
  10 bats
  4 giant cockroaches
  A gnoll zombie (Ossuary)
  9 goblins
  8 hobgoblins
  9 jackals
  24 kobolds
  4 quokkas
  A ball python (D:1)
  A giant gecko skeleton (D:5)
  A giant gecko zombie (D:7)
  4 giant newts
  6 hobgoblin zombies
  2 jackal zombies
  A kobold zombie (Ossuary)
  2 orc zombies
  A quokka zombie (D:7)
  24 rats
857 creatures vanquished.

Vanquished Creatures (others)
  A merfolk impaler (Shoals:1)
  A hydra (Lair:1)
  The ghost of Doesnt the Archer, a novice CeHu of Okawaru (IceCv)
  A death yak (Lair:6)
  2 unseen horrors
  A hill giant (D:11)
  2 ugly things
  A harpy zombie (Shoals:1)
  A wyvern (D:8)
  A giant frog (D:6)
  A crimson imp (D:15)
  An adder (D:8)
  2 white imps (IceCv)
  4 ufetubi (IceCv)
  2 orcs
  3 fungi
  9 plants
  3 withered plants (D:15)
37 creatures vanquished.

Grand Total: 894 creatures vanquished

Notes
Turn   | Place    | Note
-------+----------+-------------------------------------------
     0 | D:1      | DerBasler the Formicid Gladiator began the quest for the Orb.
     0 | D:1      | Reached XP level 1. HP: 16/16 MP: 1/1
   206 | D:1      | Reached XP level 2. HP: 15/22 MP: 2/2
   689 | D:2      | Reached XP level 3. HP: 27/27 MP: 3/3
   757 | D:2      | Found a blossoming altar of Fedhas.
  1079 | D:2      | Reached XP level 4. HP: 20/33 MP: 4/4
  1565 | D:3      | Found a faded altar of an unknown god.
  1673 | D:3      | Reached skill level 5 in Staves
  1996 | D:3      | Reached XP level 5. HP: 37/38 MP: 5/5
  2086 | D:3      | Found a bloodstained altar of Trog.
  2303 | D:4      | Noticed an ogre
  2304 | D:4      | Noticed SkyDiva's ghost (novice HEFi)
  2312 | D:4      | Killed an ogre
  2312 | D:4      | Reached XP level 6. HP: 16/44 MP: 6/6
  2607 | D:3      | Became a worshipper of Ru the Awakened
  2612 | D:3      | Gained mutation: You cannot be stealthy. [Ru sacrifice]
  2692 | D:4      | Killed SkyDiva's ghost
  2692 | D:4      | Reached XP level 7. HP: 14/50 MP: 7/7
  3144 | D:4      | Reached skill level 1 in Armour
  3386 | D:4      | Reached XP level 8. HP: 41/56 MP: 8/8
  3532 | D:5      | Entered Level 5 of the Dungeon
  3683 | D:5      | Reached skill level 5 in Armour
  3938 | D:5      | Found a shadowy altar of Dithmenos.
  3938 | D:5      | Found a hazy altar of Hepliaklqana.
  4390 | D:6      | Reached XP level 9. HP: 3/61 MP: 9/9
  4642 | D:6      | Noticed Edmund
  4661 | D:6      | Killed Edmund
  4797 | D:6      | Gained mutation: You are hated by all. [Ru sacrifice]
  4797 | D:6      | Reached * piety under Ru
  4797 | D:6      | Reached ** piety under Ru
  4973 | D:6      | Found a glowing silver altar of Zin.
  4977 | D:6      | Found a shimmering altar of Xom.
  4977 | D:6      | Found a blossoming altar of Fedhas.
  4984 | D:6      | Found a staircase to the Ecumenical Temple.
  5035 | D:6      | Found Lafuifukh's Jewellery Boutique.
  5277 | D:6      | Identified a scroll of acquirement
  5484 | D:6      | Reached skill level 10 in Armour
  5539 | D:7      | Noticed Prince Ribbit
  5585 | D:7      | Found a sand-covered staircase.
  5601 | Ossuary  | Entered an ossuary
  6115 | D:6      | Bought the ring of Ystreawov {MR+ Int+3 Slay+2} for 513 gold pieces
  6179 | D:7      | Killed Prince Ribbit
  6464 | D:7      | Reached skill level 5 in Dodging
  6560 | D:7      | Found a runed door.
  6564 | D:7      | Noticed Crazy Yiuf
  6570 | D:7      | Killed Crazy Yiuf
  6613 | D:7      | Reached XP level 10. HP: 63/67 MP: 10/10
  6921 | D:8      | Gained mutation: You cannot study or cast Poison magic. [Ru sacrifice]
  6921 | D:8      | Gained mutation: You cannot study or cast Necromancy magic. [Ru sacrifice]
  6921 | D:8      | Gained mutation: You cannot study or cast Translocations magic. [Ru sacrifice]
  6921 | D:8      | Reached *** piety under Ru
  6960 | D:8      | Found Jaanuixa's Distillery.
  7132 | D:8      | Reached skill level 10 in Staves
  7195 | D:8      | Noticed Kazmius's ghost (novice DsCK)
  7419 | D:8      | Killed Kazmius's ghost
  8503 | D:8      | Reached XP level 11. HP: 66/78 MP: 11/11
  8776 | D:9      | Found a sacrificial altar of Ru.
  8792 | D:9      | Noticed Erolcha
  8804 | D:9      | Killed Erolcha
  9162 | D:9      | Found a staircase to the Lair.
  9689 | D:10     | Entered Level 10 of the Dungeon
  9828 | D:10     | Found an opulent altar of Gozag.
  9890 | D:10     | Gained mutation: You cannot study or use magical devices. [Ru sacrifice]
  9890 | D:10     | Reached **** piety under Ru
  9890 | D:10     | Reached ***** piety under Ru
 10573 | D:10     | Found a staircase to the Orcish Mines.
 10865 | D:11     | Noticed Josephine
 10887 | D:11     | Killed Josephine
 10887 | D:11     | Reached XP level 12. HP: 58/84 MP: 12/12
 11766 | D:12     | Found Til Dixococ's Gadget Shoppe.
 11840 | D:12     | Found a labyrinth entrance.
 11858 | Lab      | Entered a labyrinth
 12261 | Lab      | Gained mutation: You are dopey. (Int -2) [Ru sacrifice]
 12304 | Lab      | Noticed a minotaur
 12313 | Lab      | Killed a minotaur
 12317 | Lab      | Got a transparent golden ring
 12418 | Lab      | Identified the ring "Yle Zerr" {rCorr rElec Slay+3} (You found it in a labyrinth)
 13160 | D:12     | Got an ancient cloak
 13171 | D:12     | Identified the cursed +0 cloak of the Hot Ocelot {rF+ rN+ Str+2} (You found it on level 12 of the Dungeon)
 13245 | D:12     | HP: 4/84 [enormous slime creature (68)]
 14069 | D:12     | Reached XP level 13. HP: 85/90 MP: 13/13
 14514 | D:13     | Found a portal to a secret trove of treasure.
 14563 | D:13     | Noticed Rupert
 14854 | D:13     | Killed Rupert
 15209 | D:13     | Reached skill level 5 in Fighting
 15391 | D:13     | Found a gate to the Vaults.
 15898 | D:14     | Noticed Azrael
 15922 | D:14     | Killed Azrael
 16542 | D:14     | HP: 5/101 [white ugly thing (25)]
 17233 | D:14     | Noticed a centaur warrior
 17235 | D:14     | Reached XP level 14. HP: 108/108 MP: 14/14
 17554 | D:15     | Entered Level 15 of the Dungeon
 17558 | D:15     | Found a frozen archway.
 17597 | IceCv    | Entered an ice cave
 17640 | IceCv    | Killed Doesnt's ghost
 18636 | D:15     | Reached skill level 15 in Armour
 19116 | D:15     | Reached skill level 10 in Dodging
 19440 | D:15     | Found a staircase to the Depths.
 19858 | D:15     | Noticed salty's ghost (journeyman MiBe)
 19884 | D:15     | Killed salty's ghost
 20527 | Orc:1    | Entered Level 1 of the Orcish Mines
 20548 | Orc:1    | Noticed redmage's ghost (journeyman MiFi)
 20575 | Orc:1    | Killed redmage's ghost
 20614 | Orc:1    | Reached XP level 15. HP: 77/113 MP: 15/15
 21121 | Orc:2    | Entered Level 2 of the Orcish Mines
 21151 | Orc:2    | Noticed an orc warlord
 21154 | Orc:2    | Found Lianoxtu's General Store.
 21191 | Orc:1    | Killed an orc warlord
 21461 | Orc:2    | Reached skill level 15 in Staves
 21485 | Orc:2    | Bought a potion of might for 64 gold pieces
 21503 | Orc:2    | Found a bloodstained altar of Trog.
 21642 | Orc:2    | Found a staircase to the Elven Halls.
 21717 | Orc:2    | Found a roughly hewn altar of Beogh.
 21941 | Orc:2    | Found Faprarudd's Antique Armour Shop.
 22120 | Orc:2    | Bought a bloodstained buckler for 332 gold pieces
 22120 | Orc:2    | Bought a glowing plate armour for 805 gold pieces
 22141 | Orc:2    | Identified the +2 buckler of Impermeability {-Tele rElec Str+8 Int-5 Stlth+} (You bought it in a shop on level 2 of the Orcish Mines)
 22143 | Orc:2    | Found Deecel's Antique Weapon Shoppe.
 22154 | Orc:2    | Reached skill level 1 in Shields
 22835 | Orc:2    | Reached skill level 5 in Shields
 22978 | Orc:2    | Found Poum's Gadget Shoppe.
 23005 | Orc:2    | Found Reubish's Assorted Antiques.
 23040 | Orc:2    | Bought a shield for 139 gold pieces
 23040 | Orc:2    | Bought a scroll of enchant armour for 232 gold pieces
 23087 | Orc:2    | Found a roughly hewn altar of Beogh.
 23314 | Lair:1   | Entered Level 1 of the Lair of Beasts
 23424 | Lair:1   | Noticed Erica
 23435 | Lair:1   | Killed Erica
 23471 | Lair:1   | Gained mutation: Potions and wands are less effective at restoring your health. [Ru sacrifice]
 23471 | Lair:1   | Reached ****** piety under Ru
 24153 | Lair:2   | Found a staircase to the Snake Pit.
 24879 | Lair:3   | Reached skill level 10 in Shields
 25605 | Lair:4   | Reached XP level 16. HP: 120/120 MP: 16/16
 25847 | Lair:4   | Found a staircase to the Shoals.
 26441 | Lair:5   | Found a staircase to the Slime Pits.
 27011 | Lair:6   | Entered Level 6 of the Lair of Beasts
 27024 | Lair:6   | Gained mutation: You are resistant to hostile enchantments. (MR+) [potion of beneficial mutation]
 28292 | Shoals:1 | Entered Level 1 of the Shoals
 28307 | Shoals:1 | Reached skill level 15 in Shields
 28332 | Shoals:1 | Found Ceal's Armour Emporium.
 28363 | Shoals:1 | Bought the +2 shield of Resistance {rF+ rC+ MR+} for 493 gold pieces
 29345 | Shoals:2 | Found Qeomp's Magic Scroll Shop.
 29397 | Shoals:2 | Reached XP level 17. HP: 94/125 MP: 17/17
 29420 | Shoals:2 | Bought a scroll of enchant armour for 90 gold pieces
 29420 | Shoals:2 | Bought a scroll of enchant armour for 90 gold pieces
 30212 | Shoals:2 | Killed from afar by a water nymph

Vault maps used:
D:1:      saegor_arrival_simple_e
D:2:      first_bread, fedhas_altar_2
D:3:      nicolae_overflow_hidden_temple, ecumenical_altar_1
D:4:      minmay_rat_hole
D:5:      corexii_shack_village, gammafunk_temple_overflow_elements,
          serial_bayou, serial_bayou_lagoon_b, serial_bayou_lagoon_a,
          serial_bayou_pond_e, serial_bayou_pond_e, grunt_ministairs_3
D:6:      grunt_temple_overflow_open, serial_shops, shop, uniq_edmund
D:7:      nicolae_ossuary_entry_giza, uniq_crazy_yiuf_cottage,
          uniq_prince_ribbit1
D:8:      kennysheep_seaside_town, serial_shops, nicolae_shop_window_shopping,
          minmay_misc_feat_plants, grunt_ogre_cave
D:9:      minmay_lair_entry_lava, nicolae_ru_the_path_less_chosen, uniq_erolcha
D:10:     orc_0_dummy, nicolae_gozag_seed_capital
D:11:     uniq_josephine
D:12:     lab_entry_generic, serial_shops, nicolae_shop_crystal, uniq_rupert
D:13:     david_vaults_4, enter_trove_6, minmay_librarian
D:14:     kennysheep_boxes, uniq_azrael
D:15:     gammafunk_depths_entry_grave, serial_bayou_pond_e,
          portal_ice_cave_entry_imps
Lair:1:   beast_lair_carwin_11, infiniplex_staircase_pool, uniq_erica
Lair:2:   minmay_snake_entry_guardpost_small, grunt_megastairs_1
Lair:3:   wad_woods_road_01, st_stairs_7
Lair:4:   elwin_shoals_entry_stream, hangedman_lair_unloving_vines,
          guppyfry_lair_drakes
Lair:5:   nicolae_slime_entry_slimehenge
Lair:6:   grunt_lair_end_beastmaster
Shoals:1: cheibrodos_shoals_oceanic_diplomacy, serial_shops, shop_statue,
          nicolae_shoals_undead_eyrie
Shoals:2: serial_shops, shop_statue, nicolae_shoals_isolated_beach, uniq_roxanne
Orc:2:    st_orc_town, serial_shops, nicolae_shop_crystal, basic_altar,
          mines1_david
Lab:      nicolae_lab_checkerboard, nicolae_lab_stuck, lab_block,
          nicolae_lab_plus, nicolae_lab_quarters, labyrinth_skeletal_remains
Ossuary:  ossuary_tomb_3
IceCv:    ice_cave_small_demon

Skill      XL: |  1  2  3  4  5  6  7  8  9 10 11 12 13 14 15 16 17 |
---------------+----------------------------------------------------+-----
Staves         | 4 5 6 7 8 10 11 12 13 14 15 16 | 16.0
Armour         | 3 7 10 13 14 15 | 15.0
Dodging        | 5 6 7 9 11 | 11.4
Fighting       | 4 9 |  9.0
Throwing       | 3 |  3.0
Shields        | 11 16 | 16.0

Action                   |  1- 3 |  4- 6 |  7- 9 | 10-12 | 13-15 | 16-18 || total
-------------------------+-------+-------+-------+-------+-------+-------++-------
Melee: Quarterstaff      |    95 |    93 |   556 |   788 |  1313 |   659 ||  3504
Invok: Sacrifice Stealth |       |     1 |       |       |       |       ||     1
       Sacrifice Love    |       |       |     1 |       |       |       ||     1
       Sacrifice Arcana  |       |       |       |     1 |       |       ||     1
       Draw Out Power    |       |       |       |     1 |       |     1 ||     2
       Sacrifice Artific |       |       |       |     1 |       |       ||     1
       Sacrifice Purity  |       |       |       |     1 |     1 |       ||     2
       Reject Sacrifices |       |       |       |       |     1 |       ||     1
 Abil: Dig               |       |       |       |     2 |       |       ||     2
Evoke: Wand              |       |       |     2 |       |       |       ||     2
  Use: Scroll            |     6 |     6 |    19 |     8 |     9 |     8 ||    56
       Potion            |       |       |     2 |     1 |       |     1 ||     4
 Stab: Sleeping          |     5 |     3 |       |       |       |       ||     8
       Distracted        |       |       |       |     2 |     8 |     2 ||    12
       Petrified         |       |       |       |     2 |       |       ||     2
       Paralysed         |       |       |       |     7 |    11 |       ||    18
       Petrifying        |       |       |       |     3 |     1 |       ||     4
       Invisible         |       |       |       |     2 |    18 |     7 ||    27
       Confused          |       |       |       |     1 |       |       ||     1
  Eat: Chunk             |     1 |     3 |    11 |    16 |    26 |    14 ||    71
       Beef jerky        |       |       |     2 |       |       |       ||     2
       Pizza             |       |       |     1 |       |       |       ||     1
       Bread ration      |       |       |       |     2 |     3 |       ||     5
Armor: Leather armour    |    34 |    20 |    14 |       |       |       ||    68
       Chain mail        |       |       |   246 |    98 |       |       ||   344
       Plate armour      |       |       |       |   279 |   436 |   191 ||   906
Dodge: Dodged            |    62 |    41 |   221 |   341 |   481 |   198 ||  1344
Block: Shield            |       |       |       |       |   108 |   343 ||   451
       Buckler           |       |       |       |       |    37 |       ||    37
